 Dungeon Crawl Stone Soup version 0.32-a0-519-g08f29ac1c3 (webtiles) character file.

Game seed: 505356419291630561

2468 Uckakok the Nimble (level 9, -3/58 (63) HPs)
             Began as a Djinni Ice Elementalist on Feb 28, 2024.
             Slain by a wight
             ... wielding a +0 trident
              (9 damage)
             ... on level 7 of the Dungeon.
             The game lasted 00:49:19 (4972 turns).

Uckakok the Nimble (Djinni Ice Elementalist)        Turns: 4972, Time: 00:49:20

HP:   -3/58 (63)    AC:  9    Str:  7    XL:     9   Next: 80%
Gold: 374           EV: 16    Int: 28    God:
                    SH:  5    Dex: 16

rFire   + + .        t - +4 quarterstaff (chaos)
rCold   x . .        (shield currently unavailable)
rNeg    . . .        B - +1 robe of Conscience {Dex+3 Slay+2}
rPois   ∞            (no helmet)
rElec   .            u - +0 cloak
rCorr   .            l - +0 pair of gloves
SInv    .            (boots unavailable)
Will    .....        j - amulet of reflection
Stlth   +++          d - +6 ring of intelligence
HPRegen 0.29/turn    C - +4 ring of protection
MPRegen 0.00/turn

%: reflection, infuse magic (-4 HP)
@: unswift, flying, drained, very slow
A: sickness immunity, fire resistance 2, cold vulnerability 1, float, innate
caster, HP casting, extra vitality 1
a: no special abilities


You were on level 7 of the Dungeon.
You visited 2 branches of the dungeon, and saw 8 of its levels.

You collected 374 gold pieces.

Inventory:

Hand Weapons
 t - a +4 quarterstaff of chaos (weapon)
Armour
 a - a +0 robe
 l - a +0 pair of gloves (worn)
 u - a +0 cloak (worn)
 B - the +1 robe of Conscience (worn) {Dex+3 Slay+2}
   (You found it on level 5 of the Dungeon)

   Dex+3:     It affects your dexterity (+3).
   Slay+2:    It affects your accuracy & damage with ranged weapons and melee
   (+2).
Jewellery
 d - a +6 ring of intelligence (left hand)
 j - an amulet of reflection (around neck)
 v - a +6 ring of dexterity
 C - a +4 ring of protection (right hand)
Talismans
 m - a flux talisman
 s - a maw talisman
Wands
 r - a wand of flame (56)
 y - a wand of charming (8)
Scrolls
 b - 3 scrolls of poison {unknown}
 g - a scroll of vulnerability {unknown}
 h - 8 scrolls of identify {unknown}
 i - 3 scrolls of revelation {unknown}
 k - 2 scrolls of fog {unknown}
 o - 2 scrolls of enchant armour {unknown}
 p - a scroll of silence {unknown}
 q - a scroll of amnesia {unknown}
 w - 4 scrolls of teleportation {unknown}
 x - a scroll of enchant weapon {unknown}
Potions
 c - a potion of curing
 e - a potion of lignification
 f - 2 potions of enlightenment {unknown}
 n - a potion of degeneration {unknown}
 z - a potion of might {unknown}
 A - a potion of resistance {unknown}
 D - a potion of mutation {unknown}


   Skills:
 + Level 4.3 Fighting
 + Level 8.1 Dodging
 + Level 4.4 Stealth
 + Level 3.1 Shields
 + Level 0.2 Unarmed Combat
 + Level 6.6 Spellcasting
 + Level 6.6 Conjurations
 + Level 6.6 Hexes
 + Level 6.6 Summonings
 + Level 6.6 Necromancy
 + Level 6.6 Translocations
 + Level 6.6 Fire Magic
 + Level 6.6 Ice Magic
 + Level 6.6 Air Magic
 + Level 6.6 Earth Magic
 + Level 6.6 Alchemy


You knew the following spells:

 Your Spells              Type           Power      Damage    Failure   Level
a - Freeze                Ice            100%       1d10      1%          1
b - Frozen Ramparts       Ice            92%        1d14      1%          3
c - Ozocubu's Armour      Ice            46%        N/A       1%          3
d - Summon Ice Beast      Ice/Summ       46%        N/A       1%          3
e - Kiss of Death         Conj/Necr      100%       2d13      1%          1
f - Searing Ray           Conj           92%        2d7       1%          2
g - Swiftness             Air            46%        N/A       1%          3
h - Hailstorm             Conj/Ice       46%        3d10      1%          3
Your spell library was empty.

Dungeon Overview and Level Annotations

Branches:
Dungeon (7/15)             Temple (1/1) D:6

Altars:
Ashenzari
Cheibriados
Dithmenos
Fedhas
Gozag
Hepliaklqana
Nemelex Xobeh
Okawaru
Ru
Uskayaw
Wu Jian
Xom
Yredelemnul
The Shining One

Shops:
D:4 *   D:5 (

Annotations:
D:5 1 runed translucent door, seren's ghost, amateur CoAr


Innate Abilities, Weirdness & Mutations

You are immune to sickness and miasma.
You are immune to poison.
Your flesh is very heat resistant. (rF++)
You are vulnerable to cold. (rC-)
You float through the air rather than walking.
You learn spells naturally, not from books.
Your magical power is your life essence.
You have superior vitality. (+4 MHP)


Message History

You feel better. The wight barely misses you. The wight closely misses you.
Casting: Freeze (safe; 1% risk of failure)
Confirm with . or Enter, or press ? or * to list all spells.
Aiming: Freeze (safe; 1% risk of failure)
Press: ? - help, Shift-Dir - straight line, f/p - wight
Aim: a wight, wielding a +0 flail and wearing a +0 robe (heavily damaged)
You freeze the wight but do no damage.
The wight completely resists.
* * * LOW HITPOINT WARNING * * *
The wight barely misses you. The wight hits you with a +0 flail.
* * * LOW HITPOINT WARNING * * *
Casting: Freeze (safe; 1% risk of failure)
Confirm with . or Enter, or press ? or * to list all spells.
Aiming: Searing Ray (safe; 1% risk of failure)
Press: ? - help, Shift-Dir - straight line, f/p - wight
Aim: a wight, wielding a +0 flail and wearing a +0 robe (heavily damaged, 82% to hit)
The searing ray hits the wight!
You destroy the wight! (Press . to maintain the ray.)
* * * LOW HITPOINT WARNING * * *
The wight closely misses you.
Casting: Searing Ray (safe; 1% risk of failure)
Confirm with . or Enter, or press ? or * to list all spells.
Restarting spell: Searing Ray (safe; 1% risk of failure)
Press: ? - help, Shift-Dir - straight line, f - wight
Aim: a wight, wielding a +0 trident and wearing a +0 robe (severely damaged, 82% to hit)
The searing ray misses the wight. (Press . to maintain the ray.)
* * * LOW HITPOINT WARNING * * *
The wight barely misses you.
Casting: Searing Ray (safe; 1% risk of failure)
Confirm with . or Enter, or press ? or * to list all spells.
Restarting spell: Searing Ray (safe; 1% risk of failure)
Press: ? - help, Shift-Dir - straight line, f/p - wight
Aim: a wight, wielding a +0 trident and wearing a +0 robe (severely damaged, 82% to hit)
The searing ray hits the wight but does no damage.
The wight is severely damaged. (Press . to maintain the ray.)
* * * LOW HITPOINT WARNING * * *
The wight hits you from afar with a +0 trident!
You die...

..[....)).).......
## ##...............
.. #......))......##
#.##....[[...[....$#
...........†.......#
.......).)†)).$....#
.......##...)[.....#
.......###....z)...#
.......####.....@.##
.....5..#
##...........#
........#
###......##..
#.......# ########
#..g....# #...g...#
#<..g...# #...<...#
#.......#


You could see a wight.

Vanquished Creatures
  Prince Ribbit (D:5)
  A wyvern (D:7)
  2 steam dragons
  Edmund (D:5)
  3 ice beasts
  An orc warrior (D:7)
  A sky beast (D:7)
  A phantom (D:5)
  A centaur (D:7)
  2 scorpions
  3 wights (D:7)
  3 killer bees (D:6)
  A howler monkey (D:6)
  3 hounds
  3 gnoll boudas
  A bombardier beetle (D:5)
  A jelly (D:6)
  Crazy Yiuf (D:5)
  An iguana (D:4)
  Terence (D:2)
  A sleepcap (D:5)
  An orc wizard (D:5)
  9 adders
  9 gnolls
  2 shadow imps (D:7)
  15 orcs
  3 ball pythons
  3 bats (D:2)
  6 endoplasms
  2 giant cockroaches
  A hobgoblin (D:2)
  3 quokkas
  4 frilled lizards
  4 goblins
  6 kobolds
  5 rats
106 creatures vanquished.

Vanquished Creatures (collateral kills)
  A hound (D:5)
  3 gnolls
  A ribbon worm (D:3)
  A hobgoblin (D:3)
  A quokka (D:3)
7 creatures vanquished.

Grand Total: 113 creatures vanquished

Notes
Turn   | Place    | Note
-------+----------+-------------------------------------------
     0 | D:1      | Uckakok the Djinni Ice Elementalist began the quest for the
                  | Orb.
     0 | D:1      | Uckakok set off with the following spells memorised:
                  | Freeze, Frozen Ramparts, Ozocubu's Armour, Summon Ice
                  | Beast.
     0 | D:1      | Reached XP level 1. HP: 15/15 MP: 0/0
   168 | D:1      | Reached XP level 2. HP: 17/21 MP: 0/0
   580 | D:2      | Noticed Terence
   589 | D:2      | Killed Terence
   590 | D:2      | Reached skill level 3 in Dodging
   590 | D:2      | Reached XP level 3. HP: 10/25 MP: 0/0
   590 | D:2      | Learned a level 1 spell: Kiss of Death
   749 | D:2      | Reached XP level 4. HP: 22/31 MP: 0/0
  1002 | D:2      | Found a faded altar of an unknown god.
  1179 | D:2      | Found a shimmering altar of Xom.
  2121 | D:3      | You are sucked into a shaft and drop 3 floors!
  2121 | D:6      | Found a staircase to the Ecumenical Temple.
  2135 | Temple   | Entered the Ecumenical Temple
  2197 | D:6      | Reached XP level 5. HP: 35/35 MP: 0/0
  2197 | D:6      | Learned a level 2 spell: Searing Ray
  2200 | D:6      | Reached skill level 1 in Fighting
  2397 | D:5      | Entered Level 5 of the Dungeon
  2409 | D:5      | Reached XP level 6. HP: 30/42 MP: 0/0
  2410 | D:5      | Noticed Edmund
  2415 | D:5      | Killed Edmund
  2416 | D:5      | Reached skill level 4 in Dodging
  2416 | D:5      | Reached skill level 1 in Shields
  2582 | D:4      | Reached XP level 7. HP: 34/48 MP: 0/0
  2582 | D:4      | Learned a level 3 spell: Swiftness
  2980 | D:4      | Found Plog's Overcharged Wands.
  3171 | D:5      | Identified the +5 kite shield "Hamagapn" {rC++}
  3413 | D:5      | Found a runed translucent door.
  3417 | D:5      | Noticed seren's ghost (amateur CoAr)
  3538 | D:5      | Found Laetynu's Antique Weapon Boutique.
  3574 | D:5      | Found a runed translucent door.
  3574 | D:5      | Found the +6 shillelagh "Devastator" {shatter}
  3575 | D:5      | Noticed Crazy Yiuf
  3582 | D:5      | Killed Crazy Yiuf
  3583 | D:5      | Reached skill level 5 in Dodging
  3678 | D:5      | Found an ornate altar of the Wu Jian Council.
  3701 | D:5      | Reached skill level 5 in Spellcasting
  3701 | D:5      | Reached skill level 5 in Conjurations
  3701 | D:5      | Reached skill level 5 in Hexes
  3701 | D:5      | Reached skill level 5 in Summonings
  3701 | D:5      | Reached skill level 5 in Necromancy
  3701 | D:5      | Reached skill level 5 in Translocations
  3701 | D:5      | Reached skill level 5 in Fire Magic
  3701 | D:5      | Reached skill level 5 in Ice Magic
  3701 | D:5      | Reached skill level 5 in Air Magic
  3701 | D:5      | Reached skill level 5 in Earth Magic
  3701 | D:5      | Reached skill level 5 in Alchemy
  3841 | D:5      | Reached XP level 8. HP: 26/55 MP: 0/0
  3917 | D:5      | Noticed Prince Ribbit
  3926 | D:5      | Killed Prince Ribbit
  4114 | D:5      | Identified the +1 robe of Conscience {Dex+3 Slay+2}
  4261 | D:6      | Reached skill level 6 in Dodging
  4398 | D:6      | Reached XP level 9. HP: 12/52 MP: 0/0
  4398 | D:6      | Learned a level 3 spell: Hailstorm
  4652 | D:6      | Reached skill level 7 in Dodging
  4958 | D:7      | Reached skill level 8 in Dodging
  4972 | D:7      | Slain by a wight

Illustrated notes

Levels and vault maps discovered:
D:1:      dpeg_arrival_more_subterranean_lakeside_camping, layout_rooms,
          minmay_cut_off
D:2:      layout_basic, basic_altar, ebering_ecumenical_altar_box, uniq_terence
D:3:      layout_rooms, kennysheep_path_1
D:4:      layout_loops_cross, nicolae_shop_overcharged_wands
D:5:      layout_layer_cave, old_standard_altar, ebering_ghost_sewer_d,
          serial_shops, shop, uniq_prince_ribbit1, uniq_crazy_yiuf_cottage,
          uniq_edmund
D:6:      layout_cave_pools, minmay_temple_entry_nine_rooms
D:7:      layout_rooms, mainiacjoe_overflow_24_doors
Temple:   hellmonk_temple_of_storms

Skill      XL: |  1  2  3  4  5  6  7  8  9 |
---------------+----------------------------+-----
Dodging        | 3 4 5 6 8 |  8.1
Stealth        | 2 3 4 |  4.4
Spellcasting   | 4 5 6 |  6.6
Conjurations   | 4 5 6 |  6.6
Hexes          | 4 5 6 |  6.6
Summonings     | 4 5 6 |  6.6
Necromancy     | 4 5 6 |  6.6
Translocations | 4 5 6 |  6.6
Fire Magic     | 4 5 6 |  6.6
Ice Magic      | 4 5 6 |  6.6
Air Magic      | 4 5 6 |  6.6
Earth Magic    | 4 5 6 |  6.6
Alchemy        | 4 5 6 |  6.6
Fighting       | 1 2 3 4 |  4.3
Shields        | 1 2 3 |  3.1
Unarmed Combat | |  0.2

Action                     |  1- 3 |  4- 6 |  7- 9 || total
---------------------------+-------+-------+-------++-------
  Melee: Unarmed           |     4 |     1 |     1 ||     6
         Quarterstaff      |       |       |     1 ||     1
   Cast: Freeze            |    30 |    53 |    93 ||   176
         Summon Ice Beast  |       |     3 |     1 ||     4
         Kiss of Death     |       |     3 |     5 ||     8
         Searing Ray       |       |     8 |    65 ||    73
         Hailstorm         |       |       |     7 ||     7
         Swiftness         |       |       |     1 ||     1
    Use: Potion            |       |     4 |     5 ||     9
   Stab: Sleeping          |     1 |       |       ||     1
 Armour: Robe              |    10 |    23 |    70 ||   103
         Skin              |       |     8 |       ||     8
  Dodge: Dodged            |    13 |    26 |    99 ||   138
  Block: Other             |       |     5 |    25 ||    30
         Reflection        |       |       |     2 ||     2

Table legend: (Time is in decaauts)
 A = Elapsed time spent in this place.
 B = Non-inter-level travel time spent in this place.
 C = Inter-level travel time spent in this place.
 D = Time resting spent in this place.
 E = Time spent auto-exploring this place.
 F = Levels seen in this place.
 G = Mean time per level.
                   A        B        C        D        E       F      G
               +--------+--------+--------+--------+--------+-----+--------+
         Total |   4971 |   4971 |      0 |    939 |      0 |   8 |  621.4 |
       Dungeon |   4935 |   4935 |      0 |    939 |      0 |   7 |  705.0 |
        Temple |     35 |     35 |      0 |      0 |      0 |   1 |   35.0 |
               +--------+--------+--------+--------+--------+-----+--------+

Top non-repeatable levels by time:
     D:5: 1314 daAuts
     D:2: 1210 daAuts
     D:6: 858 daAuts
     D:4: 541 daAuts
     D:1: 535 daAuts
     D:3: 377 daAuts
     D:7: 97 daAuts
  Temple: 35 daAuts
